 Dungeon Crawl Stone Soup version 0.21-a0-154-gb5400c9 (webtiles) character file.

191 KarmaPolice the Sneak (level 5, -1/28 HPs)
             Began as a Vine Stalker Assassin on Aug 2, 2017.
             Splashed by Ijyb's acid (9 damage)
             ... on level 3 of the Dungeon.
             The game lasted 00:03:37 (2045 turns).

KarmaPolice the Sneak (Vine Stalker Assassin)       Turns: 2045, Time: 00:03:37

Health: -1/28      AC:  0    Str: 15    XL:     5   Next: 70%
Magic:  0/6        EV: 11    Int: 11    God:
Gold:   132        SH:  0    Dex: 15    Spells: 4/4 levels left

rFire    . . .     SeeInvis .   p - +1 dagger (venom)
rCold    . . .     Gourm    .   (no shield)
rNeg     . . .     Faith    .   c - +0 robe
rPois    .         Spirit   +   (no helmet)
rElec    .         Reflect  .   d - +0 cloak
rCorr    .         Harm     .   (no gloves)
MR       .....                  (no boots)
Stlth    +++.......             (no amulet)
HPRegen  0.49/turn              (no ring)
MPRegen  0.10/turn              (no ring)

@: corroded
A: fangs 2, regeneration 1, magic shield, antimagic bite, no potion heal 3, rot
immunity
a: no special abilities


You were on level 3 of the Dungeon.
You were not hungry.

You visited 1 branch of the dungeon, and saw 4 of its levels.

You collected 132 gold pieces.

Inventory:

Hand Weapons
 b - a +0 blowgun
 p - a +1 dagger of venom (weapon)
Missiles
 e - 8 poisoned needles
 f - 2 curare-tipped needles
Armour
 c - a +0 robe (worn)
 d - a +0 cloak (worn)
 r - a cursed +0 ring mail
 v - a +0 pair of gloves
Jewellery
 w - a cursed ring of teleportation {unknown}
Scrolls
 h - 3 scrolls of identify {unknown}
 k - 2 scrolls of remove curse {unknown}
 n - 2 scrolls of teleportation {unknown}
 o - a scroll of amnesia {unknown}
 q - a scroll of recharging {unknown}
 u - a scroll of blinking {unknown}
 y - a scroll of immolation {unknown}
Potions
 a - 2 potions of invisibility {unknown}
 j - 2 potions of agility {unknown}
 l - a potion of lignification
 m - 4 potions of curing {unknown}
 s - 3 potions of magic {unknown}
 x - 2 potions of haste {unknown}
 A - a potion of heal wounds {unknown}
Comestibles
 g - 2 bread rations
 i - 2 fruits
 t - a meat ration
 z - 12 chunks of flesh


   Skills:
 + Level 3.5 Fighting
 + Level 3.5 Short Blades
 - Level 1.7 Throwing
 + Level 1.5 Armour
 - Level 0.7 Dodging
 - Level 4.8 Stealth


You had 4 spell levels left.
You didn't know any spells.

Dungeon Overview and Level Annotations

Branches:
Dungeon (4/15)
 Temple: D:4-7

Altars:
Dithmenos
Elyvilon
Okawaru
Sif Muna
Trog

Annotations:
D:3 Ijyb


Innate Abilities, Weirdness & Mutations

You have extremely sharp teeth.
Your natural rate of healing is unusually fast.
When hurt, damage is shared between your health and your magic reserves.
Your bite disrupts and absorbs the magic of your enemies.
Potions cannot restore your health.
You are immune to rotting.


Message History

Found a stone staircase leading down.
There is a stone staircase leading down here.
A giant cockroach comes into view.
Found a bloodstained altar of Trog.
The helpless giant cockroach fails to defend itself.
You impale the giant cockroach!!
You kill the giant cockroach!
No target in view!
No target in view!
You see here a giant cockroach corpse.
There is a bloodstained altar of Trog here.
Ijyb the Twisted Goblin comes into view.
She is wielding a dagger.
No target in view!
No target in view!
Ijyb is too close now for your liking.
Ijyb zaps a wand.
The bolt of acid hits you!
Ouch! That really hurt!
* * * LOW HITPOINT WARNING * * *
The acid corrodes you!
You are splashed with acid!
The acid burns!
You die...

#########
........#
#.......#
........#
#####........
#.....g$....#
#....@# .#
#..##.## ..#
####..#...##...#
........_......#
#.#
###..##...#..###
#.# #. ##†##..#
..#.#
#..###.....#
#.#.#
#..........#
#.#.#
#......#####
#.#.#


You could see Ijyb.

Vanquished Creatures
  A hound (D:4)
  An orc wizard (D:3)
  Natasha (D:3)
  A worker ant (D:4)
  An adder (D:2)
  3 dart slugs
  6 orcs
  4 bats (D:1)
  6 giant cockroaches
  10 goblins
  6 hobgoblins
  4 jackals
  A quokka (D:2)
  A ball python (D:1)
  3 frilled lizards
  6 kobolds
  7 rats
62 creatures vanquished.

Notes
Turn   | Place    | Note
-------+----------+-------------------------------------------
     0 | D:1      | KarmaPolice the Vine Stalker Assassin began the quest for the Orb.
     0 | D:1      | Reached XP level 1. HP: 11/11 MP: 2/2
   136 | D:1      | Found an iron altar of Okawaru.
   163 | D:1      | Reached XP level 2. HP: 12/15 MP: 3/3
   790 | D:1      | Reached XP level 3. HP: 19/19 MP: 4/4
  1132 | D:2      | Found a white marble altar of Elyvilon.
  1505 | D:2      | Found a shadowy altar of Dithmenos.
  1509 | D:2      | Found a deep blue altar of Sif Muna.
  1526 | D:2      | Gained mutation: Your natural rate of healing is unusually fast. [Vine Stalker growth]
  1526 | D:2      | Reached XP level 4. HP: 10/23 MP: 2/5
  1716 | D:3      | You fall through a shaft!
  1824 | D:4      | Reached skill level 1 in Armour
  1824 | D:4      | Reached XP level 5. HP: 22/28 MP: 6/6
  1949 | D:3      | Noticed Natasha
  1959 | D:3      | Killed Natasha
  2033 | D:3      | Found a bloodstained altar of Trog.
  2042 | D:3      | Noticed Ijyb
  2045 | D:3      | Splashed by Ijyb's acid

Vault maps used:
D:1:      matt_arrival_diagonals, roderic_bali_sauvastika,
          okawaru_ov_weapons_minmay
D:2:      grunt_temple_overflow_open, elyvilon_altar_5
D:3:      grunt_temple_overflow_opulence, nicolae_overflow_crystal_walls,
          lemuel_crystal_altar, serial_undead, serial_undead_c, serial_undead_c,
          serial_undead_a, serial_undead_f, first_bread, uniq_ijyb, uniq_natasha
D:4:      lemuel_castle_with_subvaults, minmay_misc_feat_more_columns

Skill      XL: |  1  2  3  4 |
---------------+-------------+-----
Fighting       | 2 3 |  3.5
Short Blades   | 2 3 |  3.5
Armour         | 1 |  1.5
Throwing       | |  1.7
Dodging        | |  0.7
Stealth        | |  4.8

Action                   |  1- 3 |  4- 6 || total
-------------------------+-------+-------++-------
Melee: Dagger            |    93 |    54 ||   147
       Bite              |    16 |    14 ||    30
  Use: Potion            |     1 |       ||     1
 Stab: Sleeping          |     9 |     2 ||    11
       Distracted        |     1 |       ||     1
  Eat: Chunk             |     2 |     2 ||     4
Armor: Robe              |    17 |    11 ||    28
Dodge: Dodged            |    45 |    17 ||    62
